 Dungeon Crawl Stone Soup version 0.25-b1-29-g4cfa5c7 (webtiles) character file.

Game seed: 12287215800939135330, levelgen mode: deterministic

849 Dorkslayer the Skirmisher (level 7, 0/55 HPs)
             Began as a Demonspawn Abyssal Knight on June 4, 2020.
             Was a Priest of Lugonu.
             Slain by Grinder (3 damage)
             ... while paralysed by Grinder
             ... on level 5 of the Dungeon.
             The game lasted 00:21:53 (3812 turns).

Dorkslayer the Skirmisher (DsAK)                    Turns: 3812, Time: 00:21:54

Health: 0/55       AC: 18    Str: 14    XL:     7   Next: 69%
Magic:  0/10       EV:  2    Int: 15    God:    Lugonu [***...]
Gold:   301        SH:  0    Dex: 13    Spells: 6/6 levels left

rFire    . . .     SeeInvis .   r - +5 scimitar (freeze)
rCold    . . .     Gourm    .   f - +0 buckler
rNeg     + . .     Faith    .   i - +0 plate armour
rPois    .         Spirit   +   o - +0 helmet
rElec    .         Reflect  .   l - +0 cloak
rCorr    .         Harm     .   (no gloves)
MR       .....                  (no boots)
Stlth    ..........             h - amulet of guardian spirit
HPRegen  0.18/turn              k - ring of positive energy
MPRegen  0.12/turn              (no ring)

@: paralysed, mighty, flying, hasted
A: talons 1, iridescent scales 2, blink, clever 1, powered by pain 2, wild magic
1
a: Blink, Depart the Abyss, Bend Space, Banish, Renounce Religion


You were on level 5 of the Dungeon.
You worshipped Lugonu.
Lugonu was most pleased with you.
You were not hungry.

You visited 1 branch of the dungeon, and saw 6 of its levels.
You visited the Abyss 1 time.

You collected 301 gold pieces.

Inventory:

Hand Weapons
 r - a +5 scimitar of freezing (weapon)
Missiles
 b - 7 javelins
 t - 13 poisoned darts (quivered)
Armour
 f - a +0 buckler (worn)
 i - a +0 plate armour (worn)
 l - a +0 cloak (worn)
 o - a +0 helmet (worn)
Jewellery
 h - an amulet of guardian spirit (around neck)
 k - a ring of positive energy (left hand)
Wands
 w - a wand of flame (21)
Scrolls
 e - 6 scrolls of remove curse
 j - a scroll of fog
 m - a scroll of identify {unknown}
 p - a scroll of amnesia
 q - a scroll of magic mapping
Potions
 v - a potion of flight
Comestibles
 a - 9 chunks of flesh
 c - 7 rations


   Skills:
 + Level 4.5 Fighting
   Level 1.3(1.8) Short Blades
 + Level 1.5(1.9) Long Blades
   Level 2.4 Axes
   Level 1.1 Staves
 * Level 2.1 Throwing
 + Level 4.1 Armour
 + Level 1.3 Dodging
 + Level 0.2 Stealth
 * Level 1.1 Shields
 * Level 4.2 Invocations
 * Level 3.1 Evocations


You had 6 spell levels left.
You didn't know any spells.
Your spell library was empty.

Dungeon Overview and Level Annotations

Branches:
Dungeon (6/15)             Temple (0/1) D:4

Altars:
Ashenzari
Gozag
Hepliaklqana
Qazlal
Vehumet
Wu Jian
Xom

Annotations:
D:5 Grinder
D:6 Menkaure


Innate Abilities, Weirdness & Mutations

You have sharp toenails.
You are mostly covered in iridescent scales. (AC +4)
You sometimes gain power by taking damage.
You can translocate small distances at will.
Your mind is acute. (Int +2)
Your spells are a little harder to cast, but a little more powerful.


Message History

Aim: Grinder (moderately wounded)
You throw a poisoned dart. The poisoned dart hits Grinder.
Grinder is moderately wounded.
Grinder gestures at you. Pain shoots through your body!
* * * LOW HITPOINT WARNING * * *
Items here: $ ) [ † a +0 long sword; a +0 plate armour; 8 gold pieces; an orc corpse Grinder says, "Just stop there for a second..."
Grinder gestures at you.
You suddenly lose the ability to move!
Grinder gestures at you. Pain shoots through your body!
* * * LOW HITPOINT WARNING * * *
Grinder hits you.
* * * LOW HITPOINT WARNING * * *
Grinder hits you.
* * * LOW HITPOINT WARNING * * *
You writhe in agony.
You die...

.###...#..#
#...###...##
..#...###.# #.#
#...#'# .# ..
#...# ...# ##
##.# ##.## #...#.
#(.# #..#
#...##5## ##.##
#.'†(@### #..#
#####)).####.##
###...#..########
###...##......#
###.#.#####.#
#.#.# #.# # #.#.#
#.# . #...# #.#
#. ###.# #.#


You could see Grinder.

Vanquished Creatures
  An orc warrior (D:5)
  A centaur (D:4)
  2 scorpions
  5 wights (D:3)
  An orc wizard (D:5)
  Crazy Yiuf (D:2)
  2 orc priests
  Jessica (D:2)
  2 worker ants
  Robin (D:2)
  6 adders
  3 worms
  2 dart slugs (D:1)
  14 orcs
  2 ball pythons
  6 giant cockroaches
  20 goblins
  14 hobgoblins
  8 kobolds
  9 bats
  4 frilled lizards
  A leopard gecko skeleton (D:4)
  5 rats
111 creatures vanquished.

Notes
Turn   | Place    | Note
-------+----------+-------------------------------------------
     0 | Abyss:1  | Dorkslayer the Demonspawn Abyssal Knight began the quest
                  | for the Orb.
     0 | Abyss:1  | Reached XP level 1. HP: 18/18 MP: 2/2
    45 | Abyss:1  | Noticed a raiju
    46 | D:1      | Escaped the Abyss
   135 | D:1      | Gained mutation: You sometimes gain a little power by
                  | taking damage. [demonic ancestry]
   135 | D:1      | Reached XP level 2. HP: 8/24 MP: 3/3
   397 | D:1      | Reached * piety under Lugonu
   763 | D:2      | Noticed Jessica
   773 | D:2      | Killed Jessica
   773 | D:2      | Gained mutation: You are partially covered in iridescent
                  | scales. (AC +2) [demonic ancestry]
   773 | D:2      | Reached XP level 3. HP: 26/30 MP: 3/5
   941 | D:2      | Gained mutation: You have sharp toenails. [demonic
                  | ancestry]
   941 | D:2      | Reached XP level 4. HP: 27/37 MP: 4/6
  1043 | D:2      | Found a stormy altar of Qazlal.
  1382 | D:2      | Noticed Robin
  1383 | D:2      | Reached ** piety under Lugonu
  1387 | D:2      | Killed Robin
  1387 | D:2      | Reached skill level 1 in Dodging
  1431 | D:2      | Found a runed translucent door.
  1432 | D:2      | Noticed Crazy Yiuf
  1445 | D:2      | Killed Crazy Yiuf
  1445 | D:2      | Reached skill level 1 in Short Blades
  1592 | D:3      | Found an opulent altar of Gozag.
  1627 | D:3      | Reached skill level 1 in Evocations
  1627 | D:3      | Gained mutation: You sometimes gain power by taking damage.
                  | [demonic ancestry]
  1627 | D:3      | Reached XP level 5. HP: 36/42 MP: 5/7
  1987 | D:3      | Reached skill level 1 in Staves
  1987 | D:3      | Reached XP level 6. HP: 42/48 MP: 5/8
  2069 | D:3      | Reached *** piety under Lugonu
  2214 | D:3      | Reached skill level 1 in Throwing
  2397 | D:3      | You fall into a shaft and drop 3 floors!
  2397 | D:6      | Noticed Menkaure
  2404 | D:5      | Entered Level 5 of the Dungeon
  2715 | D:3      | Found a shimmering altar of Xom.
  2720 | D:3      | Found a hazy altar of Hepliaklqana.
  2730 | D:3      | Found a shattered altar of Ashenzari.
  2786 | D:4      | Gained mutation: You are mostly covered in iridescent
                  | scales. (AC +4) [demonic ancestry]
  2786 | D:4      | Reached XP level 7. HP: 53/55 MP: 9/9
  3101 | D:4      | Found a staircase to the Ecumenical Temple.
  3224 | D:4      | Found an ornate altar of the Wu Jian Council.
  3450 | D:4      | Found a radiant altar of Vehumet.
  3544 | D:5      | Reached skill level 1 in Long Blades
  3544 | D:5      | Reached skill level 1 in Shields
  3781 | D:5      | Noticed Grinder
  3795 | D:5      | Gained mutation: Your spells are a little harder to cast,
                  | but a little more powerful. [potion of mutation]
  3795 | D:5      | Gained mutation: Your mind is acute. (Int +2) [potion of
                  | mutation]
  3795 | D:5      | Gained mutation: You can translocate small distances at
                  | will. [potion of mutation]
  3808 | D:5      | Paralysed by Grinder for 4 turns
  3812 | D:5      | Slain by Grinder

Illustrated notes

Levels and vault maps discovered:
D:1:      co_arrival_two_rings, layout_basic, minmay_misc_feat_columns
D:2:      layout_basic, first_ration, grunt_qazlal_clouds,
          uniq_crazy_yiuf_cottage, uniq_jessica, uniq_robin
D:3:      layout_basic, minmay_overflow_temple_star_quad, grunt_gozag_statues
D:4:      layout_cave_pods, old_standard_altar, kennysheep_mini_moat,
          minmay_temple_entry_junction
D:5:      minmay_skewed_foursquare, layout_loops_ring,
          chequers_temple_overflow_minitemple, uniq_grinder
D:6:      layout_cave_pools, lemuel_round_altar, minmay_ruffians, uniq_menkaure

Skill      XL: |  1  2  3  4  5  6  7 |
---------------+----------------------+-----
Axes           | 2 |  2.4
Armour         | 2 3 4 |  4.1
Dodging        | 1 |  1.3
Fighting       | 4 |  4.5
Short Blades   | 1 |  1.3
Invocations    | 3 4 |  4.2
Evocations     | 1 3 |  3.1
Staves         | 1 |  1.1
Throwing       | 1 2 |  2.1
Long Blades    | 1 |  1.5
Shields        | 1 |  1.1
Stealth        | |  0.2

Action                   |  1- 3 |  4- 6 |  7- 9 || total
-------------------------+-------+-------+-------++-------
Melee: Hand axe          |    32 |       |       ||    32
       Dagger            |    67 |    88 |       ||   155
       Quarterstaff      |       |    51 |       ||    51
       Kick              |       |    30 |     7 ||    37
       Scimitar          |       |    32 |    42 ||    74
Throw: Javelin           |       |     3 |       ||     3
       Dart              |       |       |     4 ||     4
Invok: Depart the Abyss  |     1 |       |       ||     1
       Bend Space        |       |       |     1 ||     1
 Abil: Blink             |       |       |     1 ||     1
Evoke: Wand              |       |     4 |     3 ||     7
  Use: Scroll            |     1 |     3 |     2 ||     6
       Potion            |       |     3 |     4 ||     7
  Eat: Chunk             |       |     4 |     2 ||     6
       Ration            |       |     1 |       ||     1
Armor: Leather armour    |     3 |       |       ||     3
       Ring mail         |     6 |       |       ||     6
       Chain mail        |    29 |       |       ||    29
       Plate armour      |       |   153 |    34 ||   187
Dodge: Dodged            |    43 |    20 |    13 ||    76
Block: Buckler           |       |     7 |    12 ||    19
       Rpst.: Scimitar   |       |     1 |     2 ||     3
